cohdb
Replays
Latest Replays
All Replays
Popular Replays
Top Player Replays
Match Explorer
How It Works
Community
CoH3 Stats
Reddit
Sign in to upload your games and track your stats! →
Sign in with Steam
Match 28452521
Unlisted
Match 28452521
Overview
Messages
Build Orders
End
Kradschützen Motorcycle Team
Selects Battlefield Espionage Battlegroup
Panzergrenadier Squad
250 Light Carrier
Construct Light Support Kompanie
Panzerjäger Squad
MG34 Team
Selects Intel Disruption Beacon
Assault Grenadier Squad
Assault Mechanized Group
Fire Support Elements
Selects Plunder
Flakvierling Half-track
Selects 250/3 Funkpanzerwagen
Construct Panzerarmee Kommand
le.IG 18 Mechanized Group
Veteran Squad Leaders
Selects Anti-Tank Incendiary Munitions
Panzer III L Medium Tank
Pak 38 Anti-tank Gun Team
Vehicle Survival Package
Selects Operation Skorpion
2.5-tonne Medical Truck
Selects Disruption Operation
Walking Stuka Rocket Launcher
Petrov
Wrathment
0
0
Comments
sign in to comment!
No comments posted yet!